Senators vs Blackdemons
(R1)
Created - October 20, 2018 at 23:54
Goals
|
| Senators |
0 |
2 |
2 |
0 |
0 |
4 |
| Blackdemons |
1 |
1 |
2 |
0 |
1 |
5 |
|
Shots
|
| Senators |
11 |
14 |
13 |
0 |
5 |
38 |
| Blackdemons |
15 |
13 |
9 |
3 |
5 |
40 |
|
1st period
1. Blackdemons , Alexandre Grenier 1 (Patrice Cormier 3, Sergei Plotnikov 2) at 17:28
Penalties :
Alexandre Grenier (MJM) for Hooking (Minor) at 3:28, Scott Timmins (MJM) for Hooking (Minor) at 13:06, Marc-André Bernier (BIN) for Holding (Minor) at 17:31
2nd period
2. Senators , Stephane Da Costa 3 (Gabriel Bourque 4, Marc-André Bernier 2) at 7:23
3. Senators , Marc-André Bernier 2 (Gabriel Bourque 5, Stephane Da Costa 4) at 10:10 (PP)
4. Blackdemons , Scott Timmins 3 (Max Friberg 2, Matt Hackett) at 13:54
Penalties :
Scott Timmins (MJM) for Close Hand On Puck (Minor) at 9:25, Tommy Wingels (BIN) for Cross-checking (Minor) at 17:04, Arturs Kulda (BIN) for Boarding (Minor) at 17:17
3rd period
5. Blackdemons , Martin Hanzal 2 (Brett Kulak 1, Yannick Weber 2) at 10:14
6. Senators , Johannes Salmonsson 1 (Sebastian Wannstrom 1) at 11:55
7. Blackdemons , Zachary Sanford 1 (Nathan Paetsch 1, Roman Josi 1) at 15:45
8. Senators , Andy Andreoff 1 (Arturs Kulda 2, Ian Cole 3) at 16:40
Penalties :
Alexei Morozov (MJM) for Elbowing (Minor) at 0:22, Jeffrey Foss (MJM) for Goalie Interference (Minor) at 4:00
Overtime #1
No Goal
Penalties :
Ian Cole (BIN) for Holding (Minor) at 0:22
Shootout
Penalty Shot by Stephane Da Costa for Senators - Shot Misses the Net
Penalty Shot by Alexei Morozov for Blackdemons - Stopped by Brad Thiessen
Penalty Shot by Gabriel Bourque for Senators - Stopped by Matt Hackett
Penalty Shot by Martin Hanzal for Blackdemons - Stopped by Brad Thiessen
Penalty Shot by Nick Foligno for Senators - Shot Misses the Net
Penalty Shot by Ladislav Nagy for Blackdemons - Shot Misses the Net
Penalty Shot by Johannes Salmonsson for Senators - Stopped by Matt Hackett
Penalty Shot by Sergei Plotnikov for Blackdemons - Stopped by Brad Thiessen
Penalty Shot by Marc-André Bernier for Senators - Stopped by Matt Hackett
Penalty Shot by Zachary Sanford for Blackdemons - Goal!
Penalties :
No Penalty
Goalie Stats
Brad Thiessen (BIN), 36 saves from 40 shots - (0.900), OTL, 3-0-1, 65:00 minutes
Matt Hackett (MJM), 34 saves from 38 shots - (0.895), W, 3-0-0, 65:00 minutes
Players Stats for Senators
Player Name G A P +/- PIM S H SB GA TA FO MP PP MP PK MP
------------------------------------------------------------------------------------
Andy Andreoff 1 0 1 0 0 2 0 0 0 1 0/0 7:55 0:00 1:07
Arturs Kulda 0 1 1 1 2 4 2 0 0 1 0/0 28:22 4:38 2:17
Brett Bulmer 0 0 0 0 0 0 0 0 0 0 0/0 0:30 0:00 0:00
Chandler Stephenson 0 0 0 0 0 0 0 0 0 0 2/4 6:27 0:00 0:00
Dylan Blujus 0 0 0 -1 0 1 0 1 0 2 0/0 10:33 0:00 0:00
Gabriel Bourque 0 2 2 1 0 5 2 0 1 0 1/2 23:56 5:09 2:49
Grant Besse 0 0 0 0 0 2 0 1 0 0 0/0 6:27 0:00 0:00
Ian Cole 0 1 1 1 2 2 2 4 1 2 0/0 30:55 4:38 2:42
Johannes Salmonsson 1 0 1 0 0 4 1 0 1 1 0/0 12:52 0:00 0:39
Keegan Lowe 0 0 0 -1 0 0 1 3 0 0 0/0 13:09 0:00 1:49
Marc-André Bernier 1 1 2 1 2 2 2 0 1 0 0/0 19:42 5:09 0:00
Mason Geertsen 0 0 0 0 0 0 0 0 0 0 0/0 1:56 0:00 0:11
Matt Frattin 0 0 0 -2 0 2 3 0 1 0 0/1 18:18 3:32 0:00
Nick Foligno 0 0 0 -2 0 1 1 1 0 0 0/0 19:30 3:32 0:20
Olli Maatta 0 0 0 -1 0 0 1 1 0 0 0/0 22:45 4:03 2:40
Phil Di Giuseppe 0 0 0 0 0 0 0 0 0 0 0/0 0:51 0:00 0:00
Samuel Morin 0 0 0 -1 0 2 0 2 0 0 0/0 22:45 4:03 2:40
Sebastian Wannstrom 0 1 1 0 0 2 0 0 0 0 2/3 11:00 0:00 0:00
Stephane Da Costa 1 1 2 1 0 7 0 2 1 1 16/37 24:29 5:09 3:19
Tommy Wingels 0 0 0 -2 2 1 0 1 0 0 4/12 18:18 3:32 0:01
Zemgus Girgensons 0 0 0 0 0 1 0 0 0 0 2/8 11:20 0:00 0:20
Players Stats for Blackdemons
Player Name G A P +/- PIM S H SB GA TA FO MP PP MP PK MP
------------------------------------------------------------------------------------
Alexandre Grenier 1 0 1 0 2 2 4 0 0 0 0/0 15:02 0:00 1:26
Alexei Morozov 0 0 0 1 2 4 3 0 0 1 4/6 26:03 3:03 3:59
Blake Pietila 0 0 0 1 0 1 2 0 0 2 1/2 21:27 2:56 2:11
Brett Kulak 0 1 1 1 0 0 1 1 0 0 0/0 9:54 0:00 0:00
Hudson Fasching 0 0 0 0 0 0 1 0 0 0 0/0 8:08 1:08 0:00
Jeffrey Foss 0 0 0 0 2 0 0 0 0 0 0/0 3:54 0:00 0:00
Keaton Ellerby 0 0 0 -3 0 3 0 2 1 1 0/0 25:54 2:59 3:29
Kyle Rau 0 0 0 0 0 3 1 0 0 1 1/4 9:27 0:00 2:22
Ladislav Nagy 0 0 0 0 0 2 1 0 0 0 0/0 9:37 1:08 0:14
Martin Hanzal 1 0 1 1 0 3 1 0 1 0 14/28 19:48 1:08 0:00
Mathew Dumba 0 0 0 -3 0 1 2 0 2 1 0/0 27:36 1:12 5:12
Max Friberg 0 1 1 0 0 2 1 0 0 0 0/0 11:00 0:07 0:00
Nathan Paetsch 0 1 1 3 0 2 1 1 3 0 0/0 26:07 1:12 5:12
Patrice Cormier 0 1 1 0 0 3 0 0 0 0 16/21 22:33 3:03 5:08
Roman Josi 0 1 1 3 0 4 1 2 0 0 0/0 22:20 2:59 3:29
Scott Timmins 1 0 1 0 4 4 3 2 0 0 4/6 12:42 0:00 0:54
Sergei Plotnikov 0 1 1 0 0 2 1 0 0 0 0/0 15:09 0:00 1:08
Tommy Vannelli 0 0 0 0 0 0 0 0 0 0 0/0 3:05 0:00 0:00
Yannick Weber 0 1 1 1 0 1 2 4 1 0 0/0 11:59 0:00 0:00
Zachary Sanford 1 0 1 0 0 3 0 1 0 0 0/0 9:29 0:00 0:00
3 Stars
1 - Stephane Da Costa (BIN)
2 - Roman Josi (MJM)
3 - Nathan Paetsch (MJM)
Power Play
Senators - 1 on 5 Attempt(s) - 20.00%
Blackdemons - 0 on 4 Attempt(s) - 0.00%
Penalty Kill
Senators - 4 on 4 Attempt(s) - 100.00%
- Score 0 goal in Penalty Kill
Blackdemons - 4 on 5 Attempt(s) - 80.00%
- Score 0 goal in Penalty Kill
Team Stat
Senators - Hits : 15 - Faceoff Wins : 27 - Blocked Shots : 16 - Penalty Minutes : 8
Blackdemons - Hits : 25 - Faceoff Wins : 40 - Blocked Shots : 13 - Penalty Minutes : 10
Official
Referees : Unknown
Linesman : Unknown
Game Notes
No Game Note
Finance
Level 1 -- Attendance: 1360 (68.00%) -- Ticket Income $54,400
Level 2 -- Attendance: 772 (77.20%) -- Ticket Income $15,440
Total Attendance: 2132 (71.07%)
Total Ticket Income: $69,840
Other Income: $3,492
Total Income: $73,332
Senators
5 vs 5 Forward
Center Left Wing Right Wing Time % Phy DF OF
1 Stephane Da Costa Gabriel Bourque Marc-André Bernier 40 1 2 2
2 Tommy Wingels Nick Foligno Matt Frattin 30 1 2 2
3 Zemgus Girgensons Johannes Salmonsson Sebastian Wannstrom 20 1 2 2
4 Chandler Stephenson Andy Andreoff Grant Besse 10 1 2 2
5 vs 5 Defense
Defense Defense Time % Phy DF OF
1 Ian Cole Arturs Kulda 40 1 2 2
2 Olli Maatta Samuel Morin 30 1 2 2
3 Dylan Blujus Keegan Lowe 20 1 2 2
4 Mason Geertsen Ian Cole 10 1 2 2
PowerPlay Forward
Center Left Wing Right Wing Time % Phy DF OF
1 Stephane Da Costa Gabriel Bourque Marc-André Bernier 60 1 2 2
2 Tommy Wingels Nick Foligno Matt Frattin 40 1 2 2
PowerPlay Defense
Defense Defense Time % Phy DF OF
1 Ian Cole Arturs Kulda 60 1 2 2
2 Olli Maatta Samuel Morin 40 1 2 2
Penalty Kill 4 Players Forward
Center Wing Time % Phy DF OF
1 Stephane Da Costa Gabriel Bourque 60 1 2 2
2 Nick Foligno Johannes Salmonsson 40 1 2 2
Penalty Kill 4 Players Defense
Defense Defense Time % Phy DF OF
1 Ian Cole Arturs Kulda 60 1 2 2
2 Olli Maatta Samuel Morin 40 1 2 2
Penalty Kill - 3 Players Forward
Forward Time % Phy DF OF
1 Stephane Da Costa 60 1 2 2
2 Gabriel Bourque 40 1 2 2
Penalty Kill - 3 Players Defense
Defense Defense Time % Phy DF OF
1 Ian Cole Arturs Kulda 60 1 2 2
2 Olli Maatta Samuel Morin 40 1 2 2
4 vs 4 Forward
Center Wing Time % Phy DF OF
1 Stephane Da Costa Gabriel Bourque 60 1 2 2
2 Nick Foligno Johannes Salmonsson 40 1 2 2
4 vs 4 Defense
Defense Defense Time % Phy DF OF
1 Ian Cole Arturs Kulda 60 1 2 2
2 Olli Maatta Samuel Morin 40 1 2 2
Last Minutes Offensive
Center Left Wing Right Wing Defense Defense
Stephane Da Costa Gabriel Bourque Marc-André Bernier Ian Cole Arturs Kulda
Last Minutes Defensive
Center Left Wing Right Wing Defense Defense
Stephane Da Costa Gabriel Bourque Marc-André Bernier Ian Cole Arturs Kulda
Goaltenders
Starting : Brad Thiessen
Backup : Ben Bishop
Extra Forwards
Normal : Phil Di Giuseppe, Brett Bulmer, Andy Andreoff - PP : Phil Di Giuseppe, Brett Bulmer - PK : Andy Andreoff
Extra Defensemen
Normal : Dylan Blujus, Keegan Lowe, Mason Geertsen - PP : Dylan Blujus - PK : Keegan Lowe, Mason Geertsen
Penalty Shots
Stephane Da Costa, Gabriel Bourque, Nick Foligno, Johannes Salmonsson, Marc-André Bernier
Scratches
Blake Coleman (Healthy)
Blackdemons
5 vs 5 Forward
Center Left Wing Right Wing Time % Phy DF OF
1 Martin Hanzal Blake Pietila Alexei Morozov 40 0 1 4
2 Patrice Cormier Sergei Plotnikov Alexandre Grenier 35 0 1 3
3 Scott Timmins Zachary Sanford Max Friberg 15 0 2 3
4 Kyle Rau Ladislav Nagy Hudson Fasching 10 0 2 3
5 vs 5 Defense
Defense Defense Time % Phy DF OF
1 Keaton Ellerby Mathew Dumba 36 0 4 1
2 Nathan Paetsch Roman Josi 32 0 4 1
3 Yannick Weber Brett Kulak 22 0 5 0
4 Jeffrey Foss Tommy Vannelli 10 0 5 0
PowerPlay Forward
Center Left Wing Right Wing Time % Phy DF OF
1 Patrice Cormier Blake Pietila Alexei Morozov 50 0 0 5
2 Martin Hanzal Ladislav Nagy Hudson Fasching 50 0 0 5
PowerPlay Defense
Defense Defense Time % Phy DF OF
1 Nathan Paetsch Mathew Dumba 50 0 1 4
2 Keaton Ellerby Roman Josi 50 0 1 4
Penalty Kill 4 Players Forward
Center Wing Time % Phy DF OF
1 Patrice Cormier Alexei Morozov 60 0 5 0
2 Kyle Rau Alexandre Grenier 40 0 5 0
Penalty Kill 4 Players Defense
Defense Defense Time % Phy DF OF
1 Nathan Paetsch Mathew Dumba 60 0 5 0
2 Keaton Ellerby Roman Josi 40 0 5 0
Penalty Kill - 3 Players Forward
Forward Time % Phy DF OF
1 Alexei Morozov 60 0 5 0
2 Martin Hanzal 40 0 5 0
Penalty Kill - 3 Players Defense
Defense Defense Time % Phy DF OF
1 Nathan Paetsch Keaton Ellerby 60 0 5 0
2 Jeffrey Foss Mathew Dumba 40 0 5 0
4 vs 4 Forward
Center Wing Time % Phy DF OF
1 Alexei Morozov Martin Hanzal 60 1 2 2
2 Ladislav Nagy Patrice Cormier 40 1 2 2
4 vs 4 Defense
Defense Defense Time % Phy DF OF
1 Mathew Dumba Keaton Ellerby 60 1 2 2
2 Yannick Weber Nathan Paetsch 40 1 2 2
Last Minutes Offensive
Center Left Wing Right Wing Defense Defense
Martin Hanzal Ladislav Nagy Alexei Morozov Nathan Paetsch Keaton Ellerby
Last Minutes Defensive
Center Left Wing Right Wing Defense Defense
Martin Hanzal Ladislav Nagy Alexei Morozov Nathan Paetsch Keaton Ellerby
Goaltenders
Starting : Matt Hackett
Backup : Laurent Brossoit
Extra Forwards
Normal : Max Friberg, Scott Timmins, Blake Pietila - PP : Max Friberg, Scott Timmins - PK : Blake Pietila
Extra Defensemen
Normal : Yannick Weber, Roman Josi, Jeffrey Foss - PP : Yannick Weber - PK : Roman Josi, Jeffrey Foss
Penalty Shots
Alexei Morozov, Martin Hanzal, Ladislav Nagy, Sergei Plotnikov, Zachary Sanford
Scratches
Colin Smith (Healthy), Charles-Olivier Roussel (Healthy), Klas Dahlbeck (Healthy), Remi Elie (Healthy), Jyrki Jokipakka (Healthy)
Mackenzie MacEachern (Healthy), Artturi Lehkonen (Healthy), Ben Maxwell (Healthy), Nicolas Deschamps (Healthy), Angelo Esposito (Healthy)
Jacob Lagacé (Healthy), James Livingstone (Healthy), Ebbe Siönäs (Healthy), Sami Aittokallio (Healthy), Jeremy Smith (Healthy)
% Time on Ice - Senators
Lines # - Real PCT - Wanted PCT - Time Play
Normal Forward
1 - 31% - 40% - 14:35
2 - 32% - 30% - 15:06
3 - 23% - 20% - 11:00
4 - 14% - 10% - 6:27
Normal Defense
1 - 42% - 40% - 19:42
2 - 32% - 30% - 15:15
3 - 22% - 20% - 10:26
4 - 4% - 10% - 1:45
PP Forward
1 - 59% - 60% - 5:09
2 - 41% - 40% - 3:32
PP Defense
1 - 53% - 60% - 4:38
2 - 47% - 40% - 4:03
PK Forward
1 - 86% - 60% - 2:04
2 - 14% - 40% - 0:21
PK Defense
1 - 71% - 60% - 1:43
2 - 29% - 40% - 0:42
PK3 Forward
1 - 64% - 60% - 2:24
2 - 36% - 40% - 1:21
PK3 Defense
1 - 48% - 60% - 1:47
2 - 52% - 40% - 1:58
44 Forward
1 - 82% - 60% - 2:29
2 - 18% - 40% - 0:32
44 Defense
1 - 74% - 60% - 2:14
2 - 26% - 40% - 0:47
Last Minute Offensive - 0:00
Last Minute Defensive - 0:00
Total
Forward - 65:00
Defense - 65:00
|
% Time on Ice - Blackdemons
Lines # - Real PCT - Wanted PCT - Time Play
Normal Forward
1 - 36% - 40% - 17:02
2 - 30% - 35% - 13:55
3 - 20% - 15% - 9:29
4 - 14% - 10% - 6:42
Normal Defense
1 - 39% - 36% - 18:17
2 - 34% - 32% - 15:52
3 - 21% - 22% - 9:54
4 - 7% - 10% - 3:05
PP Forward
1 - 73% - 50% - 3:03
2 - 27% - 50% - 1:08
PP Defense
1 - 29% - 50% - 1:12
2 - 71% - 50% - 2:59
PK Forward
1 - 74% - 60% - 6:25
2 - 26% - 40% - 2:16
PK Defense
1 - 60% - 60% - 5:12
2 - 40% - 40% - 3:29
PK3 Forward
1 - 0% - 60%
2 - 0% - 40%
PK3 Defense
1 - 0% - 60%
2 - 0% - 40%
44 Forward
1 - 75% - 60% - 3:45
2 - 25% - 40% - 1:15
44 Defense
1 - 58% - 60% - 2:55
2 - 42% - 40% - 2:05
Last Minute Offensive - 0:00
Last Minute Defensive - 0:00
Total
Forward - 65:00
Defense - 65:00
|
Play by Play
1st period
0:01 of 1st period - Martin Hanzal wins face-off versus Stephane Da Costa in neutral zone.
0:16 of 1st period - Martin Hanzal is hit by Marc-André Bernier and loses puck.
0:27 of 1st period - Nick Foligno is hit by Alexandre Grenier and loses puck.
1:31 of 1st period - Stephane Da Costa is hit by Brett Kulak and loses puck.
1:48 of 1st period - Slapshot by Nick Foligno.
1:48 of 1st period - Shot Misses the Net.
1:50 of 1st period - Snap shot by Nick Foligno.
1:50 of 1st period - Shot Misses the Net.
1:52 of 1st period - Slapshot by Dylan Blujus.
1:52 of 1st period - Shot Misses the Net.
2:08 of 1st period - Snap shot by Alexei Morozov.
2:08 of 1st period - Stopped by Brad Thiessen with a rebound.
2:10 of 1st period - Backhand shot by Yannick Weber.
2:10 of 1st period - Stopped by Brad Thiessen with a rebound.
2:20 of 1st period - Johannes Salmonsson is hit by Scott Timmins and loses puck.
2:43 of 1st period - Snap shot by Stephane Da Costa.
2:43 of 1st period - Stopped by Matt Hackett without a rebound.
2:44 of 1st period - Martin Hanzal wins face-off versus Matt Frattin in Blackdemons zone.
2:49 of 1st period - Nick Foligno is hit by Roman Josi and loses puck.
3:28 of 1st period - Minor Penalty to Alexandre Grenier for Hooking.
3:29 of 1st period - Alexei Morozov wins face-off versus Stephane Da Costa in Blackdemons zone.
3:29 of 1st period - Alexei Morozov is hit by Gabriel Bourque.
4:26 of 1st period - Icing by Stephane Da Costa.
4:27 of 1st period - Stephane Da Costa wins face-off versus Kyle Rau in Senators zone.
4:38 of 1st period - Kyle Rau is hit by Arturs Kulda and loses puck.
4:55 of 1st period - Snap shot by Tommy Wingels.
4:55 of 1st period - Shot Misses the Net.
5:01 of 1st period - Wrist shot by Nick Foligno.
5:01 of 1st period - Shot Misses the Net.
5:03 of 1st period - Wrist shot by Samuel Morin.
5:03 of 1st period - Stopped by Matt Hackett with a rebound.
5:05 of 1st period - Slapshot by Samuel Morin.
5:05 of 1st period - Stopped by Matt Hackett with a rebound.
5:28 of 1st period - Penalty to Alexandre Grenier is over, Alexandre Grenier is back on ice.
6:00 of 1st period - Snap shot by Zachary Sanford.
6:00 of 1st period - Shot Blocked by Keegan Lowe.
6:02 of 1st period - Slapshot by Keaton Ellerby.
6:02 of 1st period - Deflect By Scott Timmins.
6:02 of 1st period - Shot Misses the Net.
6:02 of 1st period - Puck is out of play.
6:03 of 1st period - Martin Hanzal wins face-off versus Zemgus Girgensons in Senators zone.
6:04 of 1st period - Wrist shot by Alexei Morozov.
6:04 of 1st period - Shot Misses the Net.
6:14 of 1st period - Slapshot by Sebastian Wannstrom.
6:14 of 1st period - Shot Misses the Net.
6:16 of 1st period - Slapshot by Dylan Blujus.
6:16 of 1st period - Stopped by Matt Hackett without a rebound.
6:17 of 1st period - Patrice Cormier wins face-off versus Tommy Wingels in Blackdemons zone.
6:49 of 1st period - Wrist shot by Gabriel Bourque.
6:49 of 1st period - Stopped by Matt Hackett without a rebound.
6:50 of 1st period - Martin Hanzal wins face-off versus Stephane Da Costa in Blackdemons zone.
7:19 of 1st period - Slapshot by Patrice Cormier.
7:19 of 1st period - Stopped by Brad Thiessen with a rebound.
7:47 of 1st period - Wrist shot by Scott Timmins.
7:47 of 1st period - Deflect By Max Friberg.
7:47 of 1st period - Shot Misses the Net.
7:47 of 1st period - Puck is out of play.
7:48 of 1st period - Martin Hanzal wins face-off versus Stephane Da Costa in Senators zone.
8:10 of 1st period - Icing by Arturs Kulda.
8:11 of 1st period - Stephane Da Costa wins face-off versus Patrice Cormier in Senators zone.
8:22 of 1st period - Wrist shot by Tommy Wingels.
8:22 of 1st period - Shot Misses the Net.
9:02 of 1st period - Slapshot by Ian Cole.
9:02 of 1st period - Stopped by Matt Hackett with a rebound.
9:04 of 1st period - Slapshot by Arturs Kulda.
9:04 of 1st period - Shot Blocked by Keaton Ellerby.
9:06 of 1st period - Snap shot by Johannes Salmonsson.
9:06 of 1st period - Shot Blocked by Scott Timmins.
9:08 of 1st period - Wrist shot by Sebastian Wannstrom.
9:08 of 1st period - Shot Misses the Net.
9:28 of 1st period - Wrist shot by Kyle Rau.
9:28 of 1st period - Stopped by Brad Thiessen with a rebound.
9:50 of 1st period - Wrist shot by Alexandre Grenier.
9:50 of 1st period - Deflect By Sergei Plotnikov.
9:50 of 1st period - Stopped by Brad Thiessen with a rebound.
9:52 of 1st period - Slapshot by Keaton Ellerby.
9:52 of 1st period - Shot Misses the Net.
9:54 of 1st period - Snap shot by Alexandre Grenier.
9:54 of 1st period - Shot Blocked by Samuel Morin.
10:06 of 1st period - Olli Maatta is hit by Martin Hanzal and loses puck.
10:25 of 1st period - Snap shot by Johannes Salmonsson.
10:25 of 1st period - Shot Misses the Net.
10:49 of 1st period - Wrist shot by Andy Andreoff.
10:49 of 1st period - Shot Blocked by Yannick Weber.
10:51 of 1st period - Wrist shot by Grant Besse.
10:51 of 1st period - Stopped by Matt Hackett with a rebound.
10:53 of 1st period - Wrist shot by Grant Besse.
10:53 of 1st period - Stopped by Matt Hackett without a rebound.
10:54 of 1st period - Stephane Da Costa wins face-off versus Martin Hanzal in Blackdemons zone.
11:07 of 1st period - Snap shot by Stephane Da Costa.
11:07 of 1st period - Stopped by Matt Hackett with a rebound.
11:09 of 1st period - Wrist shot by Marc-André Bernier.
11:09 of 1st period - Stopped by Matt Hackett with a rebound.
12:03 of 1st period - Wrist shot by Ladislav Nagy.
12:03 of 1st period - Stopped by Brad Thiessen with a rebound.
12:05 of 1st period - Snap shot by Ladislav Nagy.
12:05 of 1st period - Stopped by Brad Thiessen with a rebound.
13:06 of 1st period - Minor Penalty to Scott Timmins for Hooking.
13:07 of 1st period - Patrice Cormier wins face-off versus Stephane Da Costa in Blackdemons zone.
14:05 of 1st period - Snap shot by Kyle Rau.
14:05 of 1st period - Stopped by Brad Thiessen without a rebound.
14:06 of 1st period - Kyle Rau wins face-off versus Tommy Wingels in Senators zone.
15:06 of 1st period - Penalty to Scott Timmins is over, Scott Timmins is back on ice.
15:09 of 1st period - Slapshot by Blake Pietila.
15:09 of 1st period - Shot Misses the Net.
15:17 of 1st period - Snap shot by Sergei Plotnikov.
15:17 of 1st period - Stopped by Brad Thiessen without a rebound.
15:18 of 1st period - Scott Timmins wins face-off versus Zemgus Girgensons in Senators zone.
15:19 of 1st period - Snap shot by Zachary Sanford.
15:19 of 1st period - Stopped by Brad Thiessen without a rebound.
15:20 of 1st period - Zemgus Girgensons wins face-off versus Scott Timmins in Senators zone.
15:55 of 1st period - Wrist shot by Gabriel Bourque.
15:55 of 1st period - Stopped by Matt Hackett with a rebound.
15:57 of 1st period - Slapshot by Dylan Blujus.
15:57 of 1st period - Shot Blocked by Yannick Weber.
16:11 of 1st period - Wrist shot by Patrice Cormier.
16:11 of 1st period - Deflect By Matt Frattin.
16:11 of 1st period - Shot Misses the Net.
16:11 of 1st period - Puck is out of play.
16:12 of 1st period - Patrice Cormier wins face-off versus Tommy Wingels in Senators zone.
16:27 of 1st period - Wrist shot by Patrice Cormier.
16:27 of 1st period - Stopped by Brad Thiessen with a rebound.
16:39 of 1st period - Slapshot by Max Friberg.
16:39 of 1st period - Shot Blocked by Samuel Morin.
16:47 of 1st period - Wrist shot by Max Friberg.
16:47 of 1st period - Stopped by Brad Thiessen without a rebound.
16:48 of 1st period - Martin Hanzal wins face-off versus Stephane Da Costa in Senators zone.
16:49 of 1st period - Snap shot by Alexei Morozov.
16:49 of 1st period - Stopped by Brad Thiessen without a rebound.
16:50 of 1st period - Gabriel Bourque wins face-off versus Martin Hanzal in Senators zone.
16:50 of 1st period - Gabriel Bourque is hit by Blake Pietila.
17:04 of 1st period - Snap shot by Gabriel Bourque.
17:04 of 1st period - Shot Misses the Net.
17:16 of 1st period - Slapshot by Martin Hanzal.
17:16 of 1st period - Shot Blocked by Ian Cole.
17:18 of 1st period - Slapshot by Nathan Paetsch.
17:18 of 1st period - Stopped by Brad Thiessen with a rebound.
17:28 of 1st period - Snap shot by Alexandre Grenier.
17:28 of 1st period - Goal by Alexandre Grenier - Senators : 0 - Blackdemons : 1.
17:29 of 1st period - Stephane Da Costa wins face-off versus Martin Hanzal in neutral zone.
17:31 of 1st period - Minor Penalty to Marc-André Bernier for Holding.
17:32 of 1st period - Stephane Da Costa wins face-off versus Alexei Morozov in Senators zone.
19:31 of 1st period - Penalty to Marc-André Bernier is over, Marc-André Bernier is back on ice.
Goals for this period are 0 for Senators vs 1 for Blackdemons.
Shots for this period are 11 for Senators vs 15 for Blackdemons.
2nd period
0:01 of 2nd period - Stephane Da Costa wins face-off versus Martin Hanzal in neutral zone.
0:16 of 2nd period - Slapshot by Stephane Da Costa.
0:16 of 2nd period - Stopped by Matt Hackett without a rebound.
0:17 of 2nd period - Patrice Cormier wins face-off versus Tommy Wingels in Blackdemons zone.
0:28 of 2nd period - Wrist shot by Alexandre Grenier.
0:28 of 2nd period - Shot Misses the Net.
0:42 of 2nd period - Marc-André Bernier is hit by Blake Pietila and loses puck.
1:09 of 2nd period - Johannes Salmonsson is hit by Ladislav Nagy and loses puck.
1:24 of 2nd period - Slapshot by Roman Josi.
1:24 of 2nd period - Stopped by Brad Thiessen with a rebound.
1:26 of 2nd period - Slapshot by Roman Josi.
1:26 of 2nd period - Stopped by Brad Thiessen with a rebound.
1:43 of 2nd period - Zachary Sanford is hit by Matt Frattin and loses puck.
2:00 of 2nd period - Wrist shot by Max Friberg.
2:00 of 2nd period - Shot Misses the Net.
2:02 of 2nd period - Slapshot by Nathan Paetsch.
2:02 of 2nd period - Shot Blocked by Stephane Da Costa.
2:04 of 2nd period - Snap shot by Alexei Morozov.
2:04 of 2nd period - Deflect By Martin Hanzal.
2:04 of 2nd period - Stopped by Brad Thiessen with a rebound.
2:06 of 2nd period - Slapshot by Nathan Paetsch.
2:06 of 2nd period - Shot Misses the Net.
2:08 of 2nd period - Slapshot by Martin Hanzal.
2:08 of 2nd period - Shot Misses the Net.
2:10 of 2nd period - Backhand shot by Roman Josi.
2:10 of 2nd period - Deflect By Blake Pietila.
2:10 of 2nd period - Shot Misses the Net.
2:10 of 2nd period - Puck is out of play.
2:11 of 2nd period - Tommy Wingels wins face-off versus Martin Hanzal in Senators zone.
2:22 of 2nd period - Mathew Dumba is hit by Arturs Kulda and loses puck.
3:01 of 2nd period - Olli Maatta is hit by Hudson Fasching and loses puck.
3:22 of 2nd period - Wrist shot by Zachary Sanford.
3:22 of 2nd period - Shot Misses the Net.
3:24 of 2nd period - Snap shot by Yannick Weber.
3:24 of 2nd period - Shot Blocked by Olli Maatta.
3:26 of 2nd period - Snap shot by Max Friberg.
3:26 of 2nd period - Stopped by Brad Thiessen without a rebound.
3:27 of 2nd period - Martin Hanzal wins face-off versus Chandler Stephenson in Senators zone.
3:34 of 2nd period - Wrist shot by Blake Pietila.
3:34 of 2nd period - Stopped by Brad Thiessen with a rebound.
3:36 of 2nd period - Snap shot by Brett Kulak.
3:36 of 2nd period - Deflect By Alexei Morozov.
3:36 of 2nd period - Shot Misses the Net.
3:36 of 2nd period - Puck is out of play.
3:37 of 2nd period - Stephane Da Costa wins face-off versus Martin Hanzal in Senators zone.
4:31 of 2nd period - Backhand shot by Zachary Sanford.
4:31 of 2nd period - Stopped by Brad Thiessen with a rebound.
4:33 of 2nd period - Slapshot by Keaton Ellerby.
4:33 of 2nd period - Stopped by Brad Thiessen without a rebound.
4:34 of 2nd period - Stephane Da Costa wins face-off versus Martin Hanzal in Senators zone.
4:47 of 2nd period - Wrist shot by Gabriel Bourque.
4:47 of 2nd period - Stopped by Matt Hackett without a rebound.
4:48 of 2nd period - Patrice Cormier wins face-off versus Stephane Da Costa in Blackdemons zone.
5:17 of 2nd period - Snap shot by Martin Hanzal.
5:17 of 2nd period - Stopped by Brad Thiessen without a rebound.
5:18 of 2nd period - Martin Hanzal wins face-off versus Tommy Wingels in Senators zone.
5:40 of 2nd period - Snap shot by Alexei Morozov.
5:40 of 2nd period - Shot Blocked by Nick Foligno.
6:22 of 2nd period - Slapshot by Martin Hanzal.
6:22 of 2nd period - Shot Blocked by Tommy Wingels.
6:24 of 2nd period - Slapshot by Roman Josi.
6:24 of 2nd period - Stopped by Brad Thiessen without a rebound.
6:25 of 2nd period - Stephane Da Costa wins face-off versus Patrice Cormier in Senators zone.
6:25 of 2nd period - Stephane Da Costa is hit by Alexandre Grenier.
7:09 of 2nd period - Snap shot by Gabriel Bourque.
7:09 of 2nd period - Shot Blocked by Zachary Sanford.
7:23 of 2nd period - Wrist shot by Stephane Da Costa.
7:23 of 2nd period - Goal by Stephane Da Costa - Senators : 1 - Blackdemons : 1.
7:24 of 2nd period - Patrice Cormier wins face-off versus Zemgus Girgensons in neutral zone.
7:37 of 2nd period - Olli Maatta is hit by Sergei Plotnikov and loses puck.
8:11 of 2nd period - Snap shot by Kyle Rau.
8:11 of 2nd period - Stopped by Brad Thiessen without a rebound.
8:12 of 2nd period - Patrice Cormier wins face-off versus Chandler Stephenson in Senators zone.
8:45 of 2nd period - Slapshot by Arturs Kulda.
8:45 of 2nd period - Stopped by Matt Hackett with a rebound.
8:49 of 2nd period - Wrist shot by Johannes Salmonsson.
8:49 of 2nd period - Stopped by Matt Hackett with a rebound.
9:19 of 2nd period - Scott Timmins is hit by Matt Frattin and loses puck.
9:25 of 2nd period - Minor Penalty to Scott Timmins for Close Hand On Puck.
9:26 of 2nd period - Stephane Da Costa wins face-off versus Patrice Cormier in Blackdemons zone.
9:37 of 2nd period - Icing by Gabriel Bourque.
9:38 of 2nd period - Stephane Da Costa wins face-off versus Patrice Cormier in Senators zone.
9:38 of 2nd period - Stephane Da Costa is hit by Alexei Morozov.
10:10 of 2nd period - Snap shot by Marc-André Bernier.
10:10 of 2nd period - Goal by Marc-André Bernier - Senators : 2 - Blackdemons : 1.
10:11 of 2nd period - Martin Hanzal wins face-off versus Stephane Da Costa in neutral zone.
10:14 of 2nd period - Keaton Ellerby is hit by Gabriel Bourque and loses puck.
11:45 of 2nd period - Slapshot by Stephane Da Costa.
11:45 of 2nd period - Stopped by Matt Hackett with a rebound.
11:47 of 2nd period - Slapshot by Marc-André Bernier.
11:47 of 2nd period - Shot Blocked by Yannick Weber.
12:01 of 2nd period - Tommy Wingels is hit by Alexandre Grenier and loses puck.
12:27 of 2nd period - Snap shot by Johannes Salmonsson.
12:27 of 2nd period - Shot Misses the Net.
12:46 of 2nd period - Snap shot by Andy Andreoff.
12:46 of 2nd period - Stopped by Matt Hackett without a rebound.
12:47 of 2nd period - Martin Hanzal wins face-off versus Stephane Da Costa in Blackdemons zone.
12:58 of 2nd period - Stephane Da Costa is hit by Alexei Morozov and loses puck.
13:33 of 2nd period - Zemgus Girgensons is hit by Max Friberg and loses puck.
13:54 of 2nd period - Snap shot by Scott Timmins.
13:54 of 2nd period - Goal by Scott Timmins - Senators : 2 - Blackdemons : 2.
13:55 of 2nd period - Martin Hanzal wins face-off versus Stephane Da Costa in neutral zone.
14:43 of 2nd period - Off-side.
14:44 of 2nd period - Chandler Stephenson wins face-off versus Kyle Rau in neutral zone.
15:18 of 2nd period - Wrist shot by Stephane Da Costa.
15:18 of 2nd period - Stopped by Matt Hackett with a rebound.
15:46 of 2nd period - Wrist shot by Alexandre Grenier.
15:46 of 2nd period - Shot Blocked by Dylan Blujus.
16:00 of 2nd period - Slapshot by Zemgus Girgensons.
16:00 of 2nd period - Shot Blocked by Brett Kulak.
16:02 of 2nd period - Snap shot by Johannes Salmonsson.
16:02 of 2nd period - Deflect By Sebastian Wannstrom.
16:02 of 2nd period - Stopped by Matt Hackett with a rebound.
16:04 of 2nd period - Snap shot by Sebastian Wannstrom.
16:04 of 2nd period - Stopped by Matt Hackett without a rebound.
16:05 of 2nd period - Stephane Da Costa wins face-off versus Martin Hanzal in Blackdemons zone.
16:06 of 2nd period - Snap shot by Gabriel Bourque.
16:06 of 2nd period - Stopped by Matt Hackett without a rebound.
16:07 of 2nd period - Stephane Da Costa wins face-off versus Martin Hanzal in Blackdemons zone.
16:20 of 2nd period - Snap shot by Martin Hanzal.
16:20 of 2nd period - Deflect By Alexei Morozov.
16:20 of 2nd period - Shot Misses the Net.
16:20 of 2nd period - Puck is out of play.
16:21 of 2nd period - Patrice Cormier wins face-off versus Stephane Da Costa in Senators zone.
16:26 of 2nd period - Snap shot by Alexandre Grenier.
16:26 of 2nd period - Stopped by Brad Thiessen with a rebound.
16:48 of 2nd period - Backhand shot by Matt Frattin.
16:48 of 2nd period - Stopped by Matt Hackett with a rebound.
17:04 of 2nd period - Minor Penalty to Tommy Wingels for Cross-checking.
17:05 of 2nd period - Martin Hanzal wins face-off versus Stephane Da Costa in Senators zone.
17:17 of 2nd period - Minor Penalty to Arturs Kulda for Boarding.
17:18 of 2nd period - Patrice Cormier wins face-off versus Stephane Da Costa in Senators zone.
17:26 of 2nd period - Snap shot by Blake Pietila.
17:26 of 2nd period - Deflect By Patrice Cormier.
17:26 of 2nd period - Shot Blocked by Stephane Da Costa.
17:26 of 2nd period - Puck is out of play.
17:27 of 2nd period - Patrice Cormier wins face-off versus Stephane Da Costa in Senators zone.
17:28 of 2nd period - Wrist shot by Alexei Morozov.
17:28 of 2nd period - Shot Misses the Net.
17:42 of 2nd period - Slapshot by Ian Cole.
17:42 of 2nd period - Shot Misses the Net.
17:44 of 2nd period - Slapshot by Ian Cole.
17:44 of 2nd period - Shot Blocked by Roman Josi.
17:46 of 2nd period - Slapshot by Ian Cole.
17:46 of 2nd period - Stopped by Matt Hackett with a rebound.
17:58 of 2nd period - Samuel Morin is hit by Alexei Morozov and loses puck.
18:33 of 2nd period - Slapshot by Patrice Cormier.
18:33 of 2nd period - Shot Misses the Net.
19:01 of 2nd period - Snap shot by Alexei Morozov.
19:01 of 2nd period - Shot Misses the Net.
19:04 of 2nd period - Penalty to Tommy Wingels is over, Tommy Wingels is back on ice.
19:15 of 2nd period - Wrist shot by Alexei Morozov.
19:15 of 2nd period - Stopped by Brad Thiessen without a rebound.
19:16 of 2nd period - Stephane Da Costa wins face-off versus Martin Hanzal in Senators zone.
19:17 of 2nd period - Penalty to Arturs Kulda is over, Arturs Kulda is back on ice.
Goals for this period are 2 for Senators vs 1 for Blackdemons.
Shots for this period are 14 for Senators vs 13 for Blackdemons.
3rd period
0:01 of 3rd period - Martin Hanzal wins face-off versus Stephane Da Costa in neutral zone.
0:22 of 3rd period - Minor Penalty to Alexei Morozov for Elbowing.
0:23 of 3rd period - Blake Pietila wins face-off versus Stephane Da Costa in Blackdemons zone.
0:48 of 3rd period - Patrice Cormier is hit by Nick Foligno and loses puck.
0:57 of 3rd period - Snap shot by Tommy Wingels.
0:57 of 3rd period - Shot Misses the Net.
2:06 of 3rd period - Icing by Samuel Morin.
2:07 of 3rd period - Scott Timmins wins face-off versus Tommy Wingels in Senators zone.
2:22 of 3rd period - Penalty to Alexei Morozov is over, Alexei Morozov is back on ice.
3:09 of 3rd period - Backhand shot by Scott Timmins.
3:09 of 3rd period - Shot Blocked by Ian Cole.
3:11 of 3rd period - Snap shot by Max Friberg.
3:11 of 3rd period - Shot Blocked by Ian Cole.
3:32 of 3rd period - Wrist shot by Johannes Salmonsson.
3:32 of 3rd period - Stopped by Matt Hackett with a rebound.
3:34 of 3rd period - Snap shot by Arturs Kulda.
3:34 of 3rd period - Shot Blocked by Yannick Weber.
3:36 of 3rd period - Snap shot by Johannes Salmonsson.
3:36 of 3rd period - Stopped by Matt Hackett with a rebound.
3:38 of 3rd period - Slapshot by Zemgus Girgensons.
3:38 of 3rd period - Stopped by Matt Hackett without a rebound.
3:39 of 3rd period - Tommy Wingels wins face-off versus Martin Hanzal in Blackdemons zone.
4:00 of 3rd period - Minor Penalty to Jeffrey Foss for Goalie Interference.
4:01 of 3rd period - Patrice Cormier wins face-off versus Stephane Da Costa in Blackdemons zone.
6:00 of 3rd period - Penalty to Jeffrey Foss is over, Jeffrey Foss is back on ice.
6:43 of 3rd period - Slapshot by Alexei Morozov.
6:43 of 3rd period - Deflect By Scott Timmins.
6:43 of 3rd period - Stopped by Brad Thiessen with a rebound.
6:45 of 3rd period - Slapshot by Mathew Dumba.
6:45 of 3rd period - Shot Blocked by Grant Besse.
6:47 of 3rd period - Snap shot by Alexei Morozov.
6:47 of 3rd period - Shot Blocked by Keegan Lowe.
6:49 of 3rd period - Slapshot by Mathew Dumba.
6:49 of 3rd period - Stopped by Brad Thiessen without a rebound.
6:50 of 3rd period - Patrice Cormier wins face-off versus Zemgus Girgensons in Senators zone.
7:17 of 3rd period - Nick Foligno is hit by Kyle Rau and loses puck.
7:42 of 3rd period - Arturs Kulda is hit by Scott Timmins and loses puck.
8:39 of 3rd period - Wrist shot by Matt Frattin.
8:39 of 3rd period - Stopped by Matt Hackett without a rebound.
8:40 of 3rd period - Tommy Wingels wins face-off versus Martin Hanzal in Blackdemons zone.
9:15 of 3rd period - Stephane Da Costa is hit by Alexandre Grenier and loses puck.
10:12 of 3rd period - Slapshot by Brett Kulak.
10:12 of 3rd period - Shot Misses the Net.
10:14 of 3rd period - Slapshot by Martin Hanzal.
10:14 of 3rd period - Goal by Martin Hanzal - Senators : 2 - Blackdemons : 3.
10:15 of 3rd period - Patrice Cormier wins face-off versus Stephane Da Costa in neutral zone.
10:44 of 3rd period - Backhand shot by Arturs Kulda.
10:44 of 3rd period - Stopped by Matt Hackett without a rebound.
10:45 of 3rd period - Tommy Wingels wins face-off versus Martin Hanzal in Blackdemons zone.
11:14 of 3rd period - Nathan Paetsch is hit by Marc-André Bernier and loses puck.
11:33 of 3rd period - Icing by Arturs Kulda.
11:34 of 3rd period - Patrice Cormier wins face-off versus Zemgus Girgensons in Senators zone.
11:53 of 3rd period - Wrist shot by Johannes Salmonsson.
11:53 of 3rd period - Shot Misses the Net.
11:55 of 3rd period - Wrist shot by Johannes Salmonsson.
11:55 of 3rd period - Goal by Johannes Salmonsson - Senators : 3 - Blackdemons : 3.
11:56 of 3rd period - Patrice Cormier wins face-off versus Stephane Da Costa in neutral zone.
13:14 of 3rd period - Kyle Rau is hit by Keegan Lowe.
13:34 of 3rd period - Slapshot by Alexandre Grenier.
13:34 of 3rd period - Shot Blocked by Keegan Lowe.
13:46 of 3rd period - Wrist shot by Tommy Wingels.
13:46 of 3rd period - Stopped by Matt Hackett without a rebound.
13:47 of 3rd period - Martin Hanzal wins face-off versus Tommy Wingels in Blackdemons zone.
13:47 of 3rd period - Martin Hanzal is hit by Matt Frattin.
14:13 of 3rd period - Martin Hanzal is hit by Ian Cole and loses puck.
14:45 of 3rd period - Blake Pietila is hit by Ian Cole and loses puck.
14:58 of 3rd period - Wrist shot by Matt Frattin.
14:58 of 3rd period - Shot Blocked by Keaton Ellerby.
15:06 of 3rd period - Wrist shot by Martin Hanzal.
15:06 of 3rd period - Shot Misses the Net.
15:08 of 3rd period - Slapshot by Mathew Dumba.
15:08 of 3rd period - Deflect By Alexei Morozov.
15:08 of 3rd period - Deflect By Arturs Kulda.
15:08 of 3rd period - Stopped by Brad Thiessen without a rebound.
15:09 of 3rd period - Sebastian Wannstrom wins face-off versus Scott Timmins in Senators zone.
15:24 of 3rd period - Wrist shot by Johannes Salmonsson.
15:24 of 3rd period - Shot Blocked by Roman Josi.
15:37 of 3rd period - Snap shot by Zemgus Girgensons.
15:37 of 3rd period - Shot Blocked by Nathan Paetsch.
15:43 of 3rd period - Wrist shot by Roman Josi.
15:43 of 3rd period - Deflect By Olli Maatta.
15:43 of 3rd period - Stopped by Brad Thiessen with a rebound.
15:45 of 3rd period - Slapshot by Nathan Paetsch.
15:45 of 3rd period - Deflect By Zachary Sanford.
15:45 of 3rd period - Goal by Zachary Sanford - Senators : 3 - Blackdemons : 4.
15:46 of 3rd period - Stephane Da Costa wins face-off versus Patrice Cormier in neutral zone.
16:13 of 3rd period - Sebastian Wannstrom is hit by Scott Timmins and loses puck.
16:20 of 3rd period - Wrist shot by Samuel Morin.
16:20 of 3rd period - Shot Blocked by Scott Timmins.
16:32 of 3rd period - Slapshot by Arturs Kulda.
16:32 of 3rd period - Stopped by Matt Hackett without a rebound.
16:33 of 3rd period - Chandler Stephenson wins face-off versus Kyle Rau in Blackdemons zone.
16:38 of 3rd period - Backhand shot by Arturs Kulda.
16:38 of 3rd period - Deflect By Ladislav Nagy.
16:38 of 3rd period - Stopped by Matt Hackett with a rebound.
16:40 of 3rd period - Wrist shot by Andy Andreoff.
16:40 of 3rd period - Goal by Andy Andreoff - Senators : 4 - Blackdemons : 4.
16:41 of 3rd period - Zemgus Girgensons wins face-off versus Blake Pietila in neutral zone.
16:53 of 3rd period - Off-side.
16:54 of 3rd period - Sebastian Wannstrom wins face-off versus Martin Hanzal in neutral zone.
16:57 of 3rd period - Alexei Morozov is hit by Johannes Salmonsson.
17:29 of 3rd period - Wrist shot by Gabriel Bourque.
17:29 of 3rd period - Stopped by Matt Hackett with a rebound.
17:31 of 3rd period - Snap shot by Stephane Da Costa.
17:31 of 3rd period - Stopped by Matt Hackett with a rebound.
17:41 of 3rd period - Samuel Morin is hit by Nathan Paetsch and loses puck.
19:09 of 3rd period - Snap shot by Scott Timmins.
19:09 of 3rd period - Stopped by Brad Thiessen without a rebound.
19:10 of 3rd period - Scott Timmins wins face-off versus Zemgus Girgensons in Senators zone.
19:43 of 3rd period - Slapshot by Nick Foligno.
19:43 of 3rd period - Stopped by Matt Hackett without a rebound.
19:44 of 3rd period - Patrice Cormier wins face-off versus Tommy Wingels in Blackdemons zone.
19:51 of 3rd period - Backhand shot by Patrice Cormier.
19:51 of 3rd period - Stopped by Brad Thiessen with a rebound.
19:53 of 3rd period - Snap shot by Patrice Cormier.
19:53 of 3rd period - Shot Misses the Net.
19:55 of 3rd period - Snap shot by Sergei Plotnikov.
19:55 of 3rd period - Shot Misses the Net.
19:57 of 3rd period - Slapshot by Keaton Ellerby.
19:57 of 3rd period - Stopped by Brad Thiessen without a rebound.
19:58 of 3rd period - Scott Timmins wins face-off versus Sebastian Wannstrom in Senators zone.
19:59 of 3rd period - Wrist shot by Max Friberg.
19:59 of 3rd period - Shot Misses the Net.
Goals for this period are 2 for Senators vs 2 for Blackdemons.
Shots for this period are 13 for Senators vs 9 for Blackdemons.
Overtime #1
0:01 of 1st overtime period - Alexei Morozov wins face-off versus Gabriel Bourque in neutral zone.
0:06 of 1st overtime period - Snap shot by Martin Hanzal.
0:06 of 1st overtime period - Shot Misses the Net.
0:22 of 1st overtime period - Minor Penalty to Ian Cole for Holding.
0:23 of 1st overtime period - Alexei Morozov wins face-off versus Stephane Da Costa in Senators zone.
1:10 of 1st overtime period - Samuel Morin is hit by Yannick Weber and loses puck.
1:21 of 1st overtime period - Wrist shot by Nathan Paetsch.
1:21 of 1st overtime period - Stopped by Brad Thiessen with a rebound.
2:08 of 1st overtime period - Snap shot by Scott Timmins.
2:08 of 1st overtime period - Stopped by Brad Thiessen with a rebound.
2:10 of 1st overtime period - Wrist shot by Max Friberg.
2:10 of 1st overtime period - Shot Misses the Net.
2:12 of 1st overtime period - Snap shot by Keaton Ellerby.
2:12 of 1st overtime period - Stopped by Brad Thiessen without a rebound.
2:13 of 1st overtime period - Stephane Da Costa wins face-off versus Alexei Morozov in Senators zone.
2:22 of 1st overtime period - Penalty to Ian Cole is over, Ian Cole is back on ice.
2:59 of 1st overtime period - Slapshot by Ladislav Nagy.
2:59 of 1st overtime period - Deflect By Patrice Cormier.
2:59 of 1st overtime period - Shot Blocked by Ian Cole.
2:59 of 1st overtime period - Puck is out of play.
3:00 of 1st overtime period - Alexei Morozov wins face-off versus Stephane Da Costa in Senators zone.
3:47 of 1st overtime period - Samuel Morin is hit by Mathew Dumba and loses puck.
4:03 of 1st overtime period - Martin Hanzal is hit by Olli Maatta and loses puck.
4:24 of 1st overtime period - Johannes Salmonsson is hit by Yannick Weber.
4:52 of 1st overtime period - Samuel Morin is hit by Mathew Dumba and loses puck.
Goals for this period are 0 for Senators vs 0 for Blackdemons.
Shots for this period are 0 for Senators vs 3 for Blackdemons.
ShootOut
5:00 of 1st overtime period - Penalty Shot by Stephane Da Costa for Senators.
5:00 of 1st overtime period - Wrist shot by Stephane Da Costa.
5:00 of 1st overtime period - Shot Misses the Net.
5:00 of 1st overtime period - Penalty Shot by Alexei Morozov for Blackdemons.
5:00 of 1st overtime period - Wrist shot by Alexei Morozov.
5:00 of 1st overtime period - Stopped by Brad Thiessen.
5:00 of 1st overtime period - Penalty Shot by Gabriel Bourque for Senators.
5:00 of 1st overtime period - Snap shot by Gabriel Bourque.
5:00 of 1st overtime period - Stopped by Matt Hackett.
5:00 of 1st overtime period - Penalty Shot by Martin Hanzal for Blackdemons.
5:00 of 1st overtime period - Deke by Martin Hanzal.
5:00 of 1st overtime period - Stopped by Brad Thiessen.
5:00 of 1st overtime period - Penalty Shot by Nick Foligno for Senators.
5:00 of 1st overtime period - Deke by Nick Foligno.
5:00 of 1st overtime period - Shot Misses the Net.
5:00 of 1st overtime period - Penalty Shot by Ladislav Nagy for Blackdemons.
5:00 of 1st overtime period - Wrist shot by Ladislav Nagy.
5:00 of 1st overtime period - Shot Misses the Net.
5:00 of 1st overtime period - Penalty Shot by Johannes Salmonsson for Senators.
5:00 of 1st overtime period - Deke by Johannes Salmonsson.
5:00 of 1st overtime period - Stopped by Matt Hackett.
5:00 of 1st overtime period - Penalty Shot by Sergei Plotnikov for Blackdemons.
5:00 of 1st overtime period - Backhand shot by Sergei Plotnikov.
5:00 of 1st overtime period - Stopped by Brad Thiessen.
5:00 of 1st overtime period - Penalty Shot by Marc-André Bernier for Senators.
5:00 of 1st overtime period - Deke by Marc-André Bernier.
5:00 of 1st overtime period - Stopped by Matt Hackett.
5:00 of 1st overtime period - Penalty Shot by Zachary Sanford for Blackdemons.
5:00 of 1st overtime period - Snap shot by Zachary Sanford.
5:00 of 1st overtime period - Goal by Zachary Sanford.
Back to the Top